 Dungeon Crawl Stone Soup version 0.29-a0-841-g116ddc6ace (webtiles) character file.

Game seed: 13002093569193273410

662 kevlar127 the Ruffian (level 7, -2/106 HPs)
             Began as a Troll Berserker on July 14, 2022.
             Was a Priest of Trog.
             Slain by Duvessa
             ... wielding a +0 short sword
              (4 damage)
             ... on level 5 of the Dungeon.
             The game lasted 00:05:49 (4123 turns).

kevlar127 the Ruffian (Troll Berserker)             Turns: 4123, Time: 00:05:50

Health: -2/106     AC:  6    Str: 34    XL:     7   Next: 30%
Magic:  6/6        EV: 10    Int:  3    God:    Trog [***...]
Gold:   189        SH:  0    Dex: 15    Spells: 6/6 levels left

rFire   . . .      SeeInvis .     - Unarmed
rCold   . . .      Faith    .   (no shield)
rNeg    . . .      Spirit   .   a - +0 animal skin
rPois   .          Reflect  .   (helmet restricted)
rElec   .          Harm     .   j - +1 cloak {rCorr}
rCorr   +          Rampage  .   (gloves unavailable)
Will    .....                   (boots unavailable)
Stlth   ..........              (no amulet)
HPRegen 1.07/turn               h - +6 ring of dexterity
MPRegen 0.10/turn               l - +6 ring of strength

@: berserking, studying Ranged Weapons, very quick
A: large, unfitting armour, claws 3, regeneration 1, shaggy fur 1, tough skin 1
a: Renounce Religion, Berserk, Trog's Hand


You were on level 5 of the Dungeon.
You worshipped Trog.
Trog was most pleased with you.
You visited 1 branch of the dungeon, and saw 5 of its levels.

You collected 189 gold pieces.

Inventory:

Missiles
 b - 65 stones (quivered)
 c - 4 poisoned darts
 p - 6 curare-tipped darts
 q - 6 boomerangs
Armour
 a - a +0 animal skin (worn)
 j - a +1 cloak of preservation (worn)
Jewellery
 h - a +6 ring of dexterity (left claw)
 l - a +6 ring of strength (right claw)
Wands
 i - a wand of roots (13)
Scrolls
 g - 4 scrolls of fog {unknown}
 k - 2 scrolls of brand weapon {unknown}
 o - a scroll of identify {unknown}
 s - a scroll of vulnerability {unknown}
 u - 2 scrolls of poison {unknown}
 v - a scroll of amnesia {unknown}
Potions
 d - 2 potions of flight {unknown}
 e - a potion of invisibility {unknown}
 f - a potion of attraction {unknown}
 m - a potion of brilliance {unknown}
 n - 4 potions of mutation {unknown}
 r - a potion of heal wounds {unknown}
 t - a potion of haste {unknown}


   Skills:
 + Level 4.8 Fighting
 + Level 2.2 Throwing
 - Level 3.0 Dodging
 + Level 5.9 Unarmed Combat


You had 6 spell levels left.
You didn't know any spells.
Your spell library was empty.

Dungeon Overview and Level Annotations

Branches:
Dungeon (5/15)             Temple (0/1) D:5

Altars:
Ashenzari
Trog

Annotations:
D:5 Duvessa


Innate Abilities, Weirdness & Mutations

You are too large for most types of armour.
You have claws for hands.
Your natural rate of healing is unusually fast.
You are covered in fur. (AC +1)
You have tough skin. (AC +1)


Message History

The hound closely misses you. Duvessa hits you but does no damage.
The centaur misses you. The centaur kicks you. The hound bites you.
Duvessa barely misses you.
The centaur hits you but does no damage.
The centaur kicks you but does no damage.
Duvessa hits you with a +0 short sword. The centaur hits you.
The centaur kicks you but does no damage.
The centaur attacks as you move away!
The centaur hits you but does no damage.
The centaur barely misses you. Duvessa attacks as you move away!
Duvessa hits you with a +0 short sword. The hound bites you.
Duvessa hits you with a +0 short sword!
* * * LOW HITPOINT WARNING * * *
A red film seems to cover your vision as you go berserk!
You feel yourself moving faster!
You feel mighty! The centaur hits you.
* * * LOW HITPOINT WARNING * * *
The centaur kicks you but does no damage.
The hound bites you but does no damage. Duvessa closely misses you.
The centaur closely misses you.
The centaur kicks you but does no damage.
You claw the hound!
You kill the hound!
Trog accepts your kill.
Duvessa hits you with a +0 short sword!!
* * * LOW HITPOINT WARNING * * *
The centaur closely misses you. The centaur barely misses you.
You barely miss Duvessa. Duvessa hits you with a +0 short sword.
* * * LOW HITPOINT WARNING * * *
You scratch Duvessa.
Duvessa is lightly wounded.
The centaur hits you.
* * * LOW HITPOINT WARNING * * *
The centaur barely misses you. Duvessa closely misses you.
Unknown command.
You barely miss Duvessa.
Duvessa is lightly wounded.
The centaur hits you but does no damage.
The centaur kicks you but does no damage.
Duvessa hits you with a +0 short sword.
You die...

<...........#
...8........#
........(...##.
.8.............
...............
...#...)!......
...!.!..).(....
####..c.e......
#.#.@.###...
#.......#.#.#
###...#.#.#.###
#.....#.#.#..
##.........#.#
#...<......#.#######
#.#..........#<.....
#.#........#.......#
#.#####...##.......#


You could see Duvessa (berserk) and a centaur.

Vanquished Creatures
  An ogre (D:4)
  2 phantoms (D:4)
  Dowan (D:5)
  An orc priest (D:4)
  Crazy Yiuf (D:2)
  3 hounds
  An iguana (D:4)
  3 orc wizards
  3 adders
  A worm (D:2)
  4 dart slugs
  10 orcs
  9 ball pythons
  11 endoplasms
  9 goblins
  6 hobgoblins
  7 jackals
  4 quokkas
  5 bats
  5 frilled lizards
  10 kobolds
  7 rats
104 creatures vanquished.

Notes
Turn   | Place    | Note
-------+----------+-------------------------------------------
     0 | D:1      | kevlar127 the Troll Berserker began the quest for the Orb.
     0 | D:1      | Reached XP level 1. HP: 22/22 MP: 0/0
    45 | D:1      | Reached XP level 2. HP: 29/29 MP: 1/1
   268 | D:1      | Reached XP level 3. HP: 35/36 MP: 2/2
   271 | D:1      | You fall into a shaft and drop 1 floor!
   392 | D:2      | Reached ** piety under Trog
  1109 | D:2      | Reached XP level 4. HP: 40/45 MP: 3/3
  1317 | D:2      | Reached skill level 4 in Unarmed Combat
  1491 | D:2      | Found a runed translucent door.
  1492 | D:2      | Noticed Crazy Yiuf
  1867 | D:2      | Killed Crazy Yiuf
  2497 | D:3      | Reached XP level 5. HP: 53/53 MP: 4/4
  2540 | D:3      | Reached *** piety under Trog
  2855 | D:4      | Noticed a phantom
  2861 | D:4      | Killed a phantom
  2862 | D:4      | Reached skill level 5 in Unarmed Combat
  2868 | D:4      | Reached XP level 6. HP: 46/62 MP: 5/5
  2908 | D:4      | Found a broken altar of Ashenzari.
  2934 | D:4      | Found a bloodstained altar of Trog.
  3064 | D:4      | Reached skill level 1 in Throwing
  3138 | D:4      | Reached XP level 7. HP: 51/71 MP: 6/6
  4079 | D:5      | Entered Level 5 of the Dungeon
  4091 | D:5      | Found a staircase to the Ecumenical Temple.
  4107 | D:5      | Noticed Duvessa
  4107 | D:5      | Noticed Dowan
  4115 | D:5      | Killed Dowan
  4121 | D:5      | HP: 4/106 [Duvessa/+0 short sword (6)]
  4123 | D:5      | Slain by Duvessa

Illustrated notes

Levels and vault maps discovered:
D:1:      dpeg_arrival_simpleton_c, layout_loops_ring, hangedman_feature_mirror
D:2:      layout_basic, minmay_quantized, uniq_crazy_yiuf_cottage
D:3:      cheibrodos_old_hovel, layout_basic
D:4:      layout_basic, mainiacjoe_overflow_catch_the_wave, minivault_11,
          chequers_serial_rivers_small_3
D:5:      layout_basic, kennysheep_okawaru_gauntlet, minmay_temple_entry_wispy,
          serial_shops, nicolae_shop_advertising_works
          [nicolae_subvault_shop_adworks], grunt_ministairs_9, uniq_duvessa,
          uniq_sigmund, uniq_pikel

Skill      XL: |  1  2  3  4  5  6  7 |
---------------+----------------------+-----
Fighting       | 3 4 |  4.8
Dodging        | 3 |  3.0
Unarmed Combat | 4 5 |  5.9
Throwing       | 1 2 |  2.2

Action                   |  1- 3 |  4- 6 |  7- 9 || total
-------------------------+-------+-------+-------++-------
Melee: Unarmed           |   133 |   122 |    22 ||   277
       Punch             |     2 |     4 |     1 ||     7
Invok: Berserk           |       |     1 |     1 ||     2
 Stab: Sleeping          |     1 |       |       ||     1
Armor: Animal skin       |    41 |    43 |    26 ||   110
Dodge: Dodged            |    73 |    65 |    24 ||   162

Table legend: (Time is in decaauts)
 A = Elapsed time spent in this place.
 B = Non-inter-level travel time spent in this place.
 C = Inter-level travel time spent in this place.
 D = Time resting spent in this place.
 E = Time spent auto-exploring this place.
 F = Levels seen in this place.
 G = Mean time per level.
                   A        B        C        D        E       F      G
               +--------+--------+--------+--------+--------+-----+--------+
         Total |   4122 |   3977 |    145 |    462 |   2924 |   5 |  824.4 |
       Dungeon |   4122 |   3977 |    145 |    462 |   2924 |   5 |  824.4 |
               +--------+--------+--------+--------+--------+-----+--------+

Top non-repeatable levels by time:
     D:2: 1304 daAuts
     D:4: 1231 daAuts
     D:3: 834 daAuts
     D:1: 709 daAuts
     D:5: 41 daAuts
